 Dungeon Crawl Stone Soup version 0.24.0-10-g970556be89 (webtiles) character file.

Game seed: 12408564108254964494, levelgen mode: classic

93 EnegeticOcto the Skirmisher (level 4, -6/39 HPs)
             Began as a Mummy Chaos Knight on Nov 3, 2019.
             Was a Plaything of Xom.
             Mangled by a soldier ant (10 damage)
             ... on level 3 of the Dungeon on Nov 4, 2019.
             The game lasted 00:01:22 (2194 turns).

EnegeticOcto the Skirmisher (Mummy Chaos Knight)    Turns: 2194, Time: 00:01:23

Health: -6/39      AC:  5    Str: 15      XL:     4   Next: 36%
Magic:  4/4        EV: 11    Int: 12      God:    Xom [......]
Gold:   99         SH:  0    Dex: 10 (11) Spells: 3/3 levels left

rFire    x . .     SeeInvis .   a - +0 short sword (chaos)
rCold    + . .     Gourm    .   (no shield)
rNeg     + + +     Faith    .   b - +2 leather armour
rPois    ∞         Spirit   .   (no helmet)
rElec    .         Reflect  .   (no cloak)
rCorr    .         Harm     .   (no gloves)
MR       .....                  (no boots)
Stlth    ..........             (no amulet)
HPRegen  0.13/turn              (no ring)
MPRegen  0.09/turn              (no ring)

@: confused
A: no food or potions, fire vulnerability, cold resistance 1, negative energy
resistance 3, torment resistance, unbreathing
a: Renounce Religion


You were on level 3 of the Dungeon.
You worshipped Xom.
You were a very special plaything of Xom.
You were not hungry.

You visited 1 branch of the dungeon, and saw 3 of its levels.

You collected 99 gold pieces.

Inventory:

Hand Weapons
 a - a +0 short sword of chaos (weapon)
Armour
 b - a +2 leather armour (worn)
Scrolls
 c - 4 scrolls of remove curse {unknown}
 d - a scroll of blinking {unknown}
 e - a scroll of random uselessness {unknown}
 f - a scroll of enchant weapon {unknown}
 g - a scroll of immolation {unknown}
 h - 3 scrolls of identify {unknown}
 i - a scroll of teleportation {unknown}
 j - a scroll of magic mapping {unknown}
 k - a scroll of amnesia {unknown}


   Skills:
 + Level 5.2 Fighting
 - Level 2.4 Short Blades
 - Level 1.5 Armour
 - Level 0.7 Dodging


You had 3 spell levels left.
You didn't know any spells.
Your spell library was empty.

Dungeon Overview and Level Annotations

Branches:
Dungeon (3/15)

Altars:


Innate Abilities, Weirdness & Mutations

You do not eat or drink.
Your flesh is vulnerable to fire.
You are immune to poison.
Your flesh is cold resistant. (rC+)
You are immune to negative energy. (rN+++)
You are immune to unholy pain and torment.
You can survive without breathing.


Message History

The hound barely misses you. The hound misses you.
You barely miss the hound.
The hound is heavily wounded.
The hound bites you but does no damage. The hound bites you.
You hit the hound.
The hound is severely wounded.
The hound bites you. The hound closely misses you.
You barely miss the hound.
The hound is severely wounded.
The hound bites you but does no damage. The hound bites you.
The hound bites you but does no damage.
You hit the hound but do no damage.
The hound is severely wounded.
The hound bites you. x2
You are too injured to fight recklessly!
You are too injured to fight recklessly!
You are too injured to fight recklessly!
You are too injured to fight recklessly!
You are too injured to fight recklessly!
You are too injured to fight recklessly!
You are too injured to fight recklessly!
You hit the hound.
Nothing appears to happen.
The hound is severely wounded.
Xom's power touches on you for a moment.
Venomous gases pour from your hands!
The hound is engulfed in poison gas.
The hound is poisoned.
The hound barely misses you.
The hound is engulfed in poison gas.
The hound looks even sicker.
The hound dies!
You feel your dexterity returning.
Your Fighting skill increases to level 5!
You see here a hound corpse.
As you open the door, it creaks loudly!
A water moccasin comes into view.
Found an escape hatch in the ceiling.
A water moccasin is nearby!
A water moccasin is nearby!
A water moccasin is nearby!
You barely miss the water moccasin.
The water moccasin bites you but does no damage.
You hit the water moccasin.
The water moccasin is lightly wounded.
The water moccasin misses you.
You closely miss the water moccasin.
The water moccasin is lightly wounded.
The water moccasin bites you. x2
You closely miss the water moccasin.
The water moccasin is lightly wounded.
The water moccasin closely misses you.
You barely miss the water moccasin.
The water moccasin is lightly wounded.
The water moccasin bites you. x2
You miss the water moccasin.
The water moccasin is lightly wounded.
The water moccasin misses you.
You hit the water moccasin.
The water moccasin is moderately wounded.
The water moccasin bites you.
You hit the water moccasin but do no damage.
The water moccasin is moderately wounded.
The water moccasin closely misses you.
The water moccasin bites you but does no damage.
You hit the water moccasin but do no damage.
The water moccasin is moderately wounded.
The water moccasin bites you.
You hit the water moccasin but do no damage.
The water moccasin is moderately wounded.
The water moccasin bites you.
The water moccasin bites you but does no damage.
You are too injured to fight recklessly!
You are too injured to fight recklessly!
You are too injured to fight recklessly!
You are too injured to fight recklessly!
You are too injured to fight recklessly!
You are too injured to fight recklessly!
You are too injured to fight recklessly!
You are too injured to fight recklessly!
You hit the water moccasin but do no damage.
The water moccasin is moderately wounded.
The water moccasin bites you.
You closely miss the water moccasin.
The water moccasin is moderately wounded.
The water moccasin closely misses you.
You closely miss the water moccasin.
The water moccasin is moderately wounded.
Xom's power touches on your mind for a moment.
You are confused.
The water moccasin closely misses you. The water moccasin bites you.
You bump into the rock wall.
Xom's attention turns to you for a moment.
Your body is twisted very painfully!
* * * LOW HITPOINT WARNING * * *
The water moccasin bites you but does no damage.
The water moccasin closely misses you. "This might be better!"
The water moccasin evaporates and reforms as a soldier ant!
The soldier ant stings you.
* * * LOW HITPOINT WARNING * * *
The soldier ant stings you!
You die...
Xom howls with laughter!

## . #. #########..
#. #.......#..
#..#.........
#+##..#.......# #+#
...<..'a@.....# #.#
#.#####.......# #.#
#.......# #.#
#.......###.#
###.......#.#
#....†..÷.#
#....P♣♣≈♣♣ ..
##♣≈≈♣♣♣♣≈P♣♣P♣
..#♣♣≈P♣♣P≈≈≈≈≈P≈P♣


You could see a soldier ant.

Vanquished Creatures
  Jessica (D:2)
  An adder (D:3)
  An ooze (D:2)
  A worm (D:2)
  A dart slug (D:1)
  A leopard gecko (D:2)
  4 giant cockroaches
  3 goblins
  A hobgoblin (D:1)
  4 kobolds
  4 bats
  2 frilled lizards (D:2)
  2 rats (D:2)
26 creatures vanquished.

Vanquished Creatures (others)
  A hound (D:3)
1 creature vanquished.

Grand Total: 27 creatures vanquished

Notes
Turn   | Place    | Note
-------+----------+-------------------------------------------
     0 | D:1      | EnegeticOcto the Mummy Chaos Knight began the quest for the
                  | Orb.
     0 | D:1      | Reached XP level 1. HP: 18/18 MP: 1/1
   320 | D:1      | XOM: divination: magic mapping
   327 | D:1      | XOM: god gift: coppery potion {god gift}
   617 | D:1      | Reached XP level 2. HP: 19/24 MP: 2/2
   756 | D:1      | XOM: noise
   949 | D:2      | Reached skill level 4 in Fighting
  1320 | D:2      | Noticed Jessica
  1329 | D:2      | Killed Jessica
  1329 | D:2      | Reached XP level 3. HP: 31/31 MP: 3/3
  1516 | D:2      | XOM: severe Conj miscast
  1737 | D:2      | XOM is BORED!
  1737 | D:2      | XOM: stat loss: -2 Dex (9/11)
  1925 | D:3      | Reached XP level 4. HP: 26/38 MP: 4/4
  2001 | D:3      | XOM: medium Air miscast
  2001 | D:3      | Reached skill level 5 in Fighting
  2175 | D:3      | Noticed a water moccasin
  2188 | D:3      | XOM: confusion (+ monsters)
  2189 | D:3      | XOM: medium Tmut miscast
  2191 | D:3      | Noticed a soldier ant
  2191 | D:3      | a water moccasin changed into a soldier ant
  2191 | D:3      | XOM: polymorph water moccasin -> soldier ant
  2194 | D:3      | Mangled by a soldier ant

Levels and vault maps discovered:
D:1:      scummos_arrival_checkerplants, layout_loops_ring
D:2:      layout_basic, lemuel_another_geyser, uniq_jessica
D:3:      kennysheep_the_goblin_king, layout_basic, lemuel_crystal_altar,
          old_standard_altar, first_ration, serial_bayou_lake_a, uniq_sigmund

Skill      XL: |  1  2  3  4 |
---------------+-------------+-----
Fighting       | 4 5 |  5.2
Short Blades   | |  2.4
Armour         | |  1.5
Dodging        | |  0.7

Action                   |  1- 3 |  4- 6 || total
-------------------------+-------+-------++-------
Melee: Short sword       |   113 |    28 ||   141
 Stab: Paralysed         |     1 |       ||     1
Armor: Leather armour    |    52 |     9 ||    61
Dodge: Dodged            |    89 |    22 ||   111
